 Dungeon Crawl Stone Soup version 0.21.1-1-g345015f (webtiles) character file.

4374 LairdRich the Covert (level 10, -14/44 HPs)
             Began as a Spriggan Enchanter on June 20, 2018.
             Was a Priest of Dithmenos.
             Killed from afar by Abmis123's ghost (19 damage)
             ... with a puff of flame
             ... on level 3 of the Dungeon.
             The game lasted 01:25:05 (15010 turns).

LairdRich the Covert (Spriggan Enchanter)          Turns: 15010, Time: 01:25:05

Health: -14/44     AC:  8    Str:  4    XL:     10   Next: 13%
Magic:  18/18      EV: 27    Int: 19    God:    Dithmenos [***...]
Gold:   440        SH:  0    Dex: 18    Spells: 10/19 levels left

rFire    x . .     SeeInvis +   J - +4 dagger
rCold    + . .     Gourm    .   (shield restricted)
rNeg     . . .     Faith    .   I - +0 robe
rPois    .         Spirit   .   (helmet restricted)
rElec    .         Reflect  .   p - +1 cloak
rCorr    .         Harm     .   (gloves unavailable)
MR       +....                  (boots unavailable)
Stlth    ++++++++..             (no amulet)
HPRegen  0.14/turn              f - ring of ice
MPRegen  0.16/turn              u - +4 ring of protection

@: wreathed by umbra, very quick
A: very small, unfitting armour, see invisible, herbivore, speed 3, slow
metabolism 2
a: Shadow Step, Renounce Religion


You were on level 3 of the Dungeon.
You worshipped Dithmenos.
Dithmenos was most pleased with you.
You were not hungry.

You visited 2 branches of the dungeon, and saw 10 of its levels.

You collected 440 gold pieces.

Inventory:

Hand Weapons
 o - a +3 dagger of venom
 A - a +4 dagger
 B - a +2 dagger of freezing
 G - a +0 blowgun
 J - a +4 dagger (weapon)
Missiles
 j - 248 stones (quivered)
 H - 23 poisoned needles
Armour
 b - a +0 robe
 p - a +1 cloak (worn)
 I - a +0 robe (worn)
Jewellery
 f - a ring of ice (left hand)
 s - a +2 ring of strength
 u - a +4 ring of protection (right hand)
Wands
 r - a wand of scattershot (5)
Scrolls
 a - a scroll of blinking
 e - a scroll of fear
 h - 4 scrolls of enchant weapon
 y - 2 scrolls of enchant armour
 C - 2 scrolls of remove curse
 D - 2 scrolls of amnesia
 E - a scroll of teleportation {unknown}
Potions
 g - a potion of magic {unknown}
 k - 2 potions of might
 l - 2 potions of flight {unknown}
 n - a potion of haste {unknown}
 q - a potion of resistance
 t - a potion of lignification {unknown}
 v - 4 potions of curing
 w - 3 potions of brilliance {unknown}
 x - 4 potions of heal wounds {unknown}
 z - a potion of agility {unknown}
 F - 2 potions of berserk rage {unknown}
Books
 c - a book of Maledictions

   Spells                             Type                      Level
   a - Corona                         Hexes                        1
   b - Ensorcelled Hibernation        Hexes/Ice                    2
   c - Confuse                        Hexes                        3
   d - Tukima's Dance                 Hexes                        3
   e - Dazzling Spray                 Conjuration/Hexes            3
 i - a book of Changes

   Spells                             Type                      Level
   a - Beastly Appendage              Transmutation                1
   b - Sticks to Snakes               Transmutation                2
   c - Spider Form                    Transmutation/Poison         3
   d - Ice Form                       Ice/Transmutation            4
   e - Blade Hands                    Transmutation                5
 m - a book of Misfortune

   Spells                             Type                      Level
   a - Confusing Touch                Hexes                        1
   b - Confuse                        Hexes                        3
   c - Gell's Gravitas                Translocation                3
   d - Petrify                        Transmutation/Earth          4
   e - Metabolic Englaciation         Hexes/Ice                    5
   f - Yara's Violent Unravelling     Hexes/Transmutation          5
Comestibles
 d - 8 rations


   Skills:
 + Level 3.1 Short Blades
 + Level 10.4 Dodging
 * Level 13.4 Stealth
 - Level 5.0 Spellcasting
 * Level 10.8 Hexes


You had 10 spell levels left.
You knew the following spells:

 Your Spells              Type           Power        Failure   Level  Hunger
a - Tukima's Dance        Hex            #####...     1%          3    ##.....
b - Ensorcelled Hibernat  Hex/Ice        #####.       1%          2    #......
c - Confuse               Hex            #####...     1%          3    ##.....
d - Confusing Touch       Hex            #####.       1%          1    None


Dungeon Overview and Level Annotations

Branches:
Dungeon (9/15)             Temple (1/1) D:5
   Lair: D:8-11         Orc: D:9-12

Altars:
Ashenzari
Cheibriados
Dithmenos
Elyvilon
Fedhas
Gozag
Hepliaklqana
Kikubaaqudgha
Makhleb
Nemelex Xobeh
Okawaru
Qazlal
Ru
Sif Muna
Trog
Uskayaw
Vehumet
Wu Jian
Xom
Yredelemnul
Zin
The Shining One

Annotations:
D:3 Abmis123's ghost, amateur NaFE
D:7 poxu's ghost, novice DEWz
D:8 sking99's ghost, novice MiBe


Innate Abilities, Weirdness & Mutations

You are very small and have problems with some larger weapons.
You are too small for most types of armour.
You have supernaturally acute eyesight. (SInv)
You are a herbivore.
You cover ground extremely quickly.
You need consume almost no food.


Message History

You hit Abmis123's ghost.
Abmis123's ghost is almost destroyed.
Abmis123's ghost barely misses you.
You hit Abmis123's ghost but do no damage.
Abmis123's ghost is almost destroyed.
Abmis123's ghost completely misses you.
You hit Abmis123's ghost.
Abmis123's ghost is almost destroyed.
Abmis123's ghost completely misses you.
You barely miss Abmis123's ghost.
Abmis123's ghost is almost destroyed.
Abmis123's ghost gestures at you while chanting.
The puff of flame hits you! The fire burns you terribly!
You are too injured to fight recklessly!
Abmis123's ghost gestures at you while chanting.
The puff of flame hits you! The fire burns you terribly!
* * * LOW HITPOINT WARNING * * *
Abmis123's ghost points at you and mumbles some strange words.
The puff of flame hits you! The fire burns you terribly!
You die...

#............# #.
#............# #.
#............# #.
#............#### #.
#...............# #.
#............##.# ##
#######.......#.# #. #####
###########.......#.###.
#...#
#......@...W............
#...#
#.....#####.......#.###.
#...###..##.#####.#.......#
#.
#......>..............#####
#.
####....###......###.#.#.#
#. ........# #......#
#...#.# #. ####....#
#.....#####.#### ###.
........# #.....#.....#
#... ....#[#.#
#.....#.###.# #...


You could see Abmis123's ghost.

Vanquished Creatures
  A cyclops (D:9)
  A hippogriff (D:8)
  A wyvern (D:9)
  A steam dragon (D:8)
  Duvessa (D:5)
  3 orc warriors
  2 sky beasts
  4 ogres
  A centaur (D:6)
  2 big kobolds (D:9)
  4 bullfrogs
  Dowan (D:4)
  2 scorpions (D:9)
  5 killer bees (D:6)
  4 wights (D:8)
  A howler monkey (D:5)
  3 crimson imps
  A bullfrog zombie (D:7)
  2 centaur zombies (D:6)
  9 orc wizards
  6 orc priests
  6 hounds
  2 jellies
  3 iguanas
  10 worker ants
  A howler monkey skeleton (D:4)
  11 adders
  4 gnolls (D:5)
  3 oozes (D:3)
  3 worms
  4 dart slugs
  4 leopard geckos
  36 orcs
  A ball python (D:2)
  10 giant cockroaches
  5 hobgoblins
  23 jackals
  3 quokkas
  4 bats
  7 frilled lizards
  11 goblins
  A jackal skeleton (D:4)
  19 kobolds
  7 rats
233 creatures vanquished.

Vanquished Creatures (collateral kills)
  3 wights (D:8)
3 creatures vanquished.

Vanquished Creatures (others)
  A dancing weapon (D:8)
1 creature vanquished.

Grand Total: 237 creatures vanquished

Notes
Turn   | Place    | Note
-------+----------+-------------------------------------------
     0 | D:1      | LairdRich the Spriggan Enchanter began the quest for the Orb.
     0 | D:1      | Reached XP level 1. HP: 9/9 MP: 5/5
   565 | D:1      | Reached XP level 2. HP: 9/13 MP: 4/6
   912 | D:1      | Learned a level 2 spell: Ensorcelled Hibernation
   991 | D:1      | Reached skill level 5 in Stealth
  1562 | D:1      | Reached XP level 3. HP: 16/16 MP: 2/8
  1773 | D:1      | Learned a level 3 spell: Confuse
  2800 | D:2      | Found a sacrificial altar of Ru.
  2801 | D:2      | Found a shimmering altar of Xom.
  2801 | D:2      | Found a sparkling altar of Nemelex Xobeh.
  2802 | D:2      | Found a deep blue altar of Sif Muna.
  2937 | D:2      | Reached XP level 4. HP: 21/21 MP: 4/9
  3179 | D:2      | Reached skill level 6 in Stealth
  3251 | D:2      | Found an iron altar of Okawaru.
  3253 | D:2      | Found a white marble altar of Elyvilon.
  3574 | D:2      | Reached skill level 5 in Hexes
  4022 | D:3      | Reached XP level 5. HP: 16/24 MP: 3/10
  4462 | D:3      | Noticed Abmis123's ghost (amateur NaFE)
  4754 | D:3      | HP: 1/24 [Abmis123's ghost/puff of flame (10)]
  5145 | D:3      | Found an ornate altar of the Wu Jian Council.
  5509 | D:3      | Reached skill level 7 in Stealth
  5638 | D:4      | Found a blossoming altar of Fedhas.
  5638 | D:4      | Found a stormy altar of Qazlal.
  6108 | D:4      | Reached XP level 6. HP: 28/28 MP: 11/11
  6149 | D:4      | Found an opulent altar of Gozag.
  6199 | D:4      | Reached skill level 5 in Dodging
  6613 | D:5      | Entered Level 5 of the Dungeon
  6617 | D:5      | Noticed a sky beast
  6650 | D:5      | Found a glowing silver altar of Zin.
  6749 | D:4      | Killed a sky beast
  6749 | D:4      | Reached skill level 8 in Stealth
  6749 | D:4      | Reached XP level 7. HP: 32/32 MP: 10/14
  7356 | D:5      | Noticed Duvessa
  7356 | D:5      | Noticed Dowan
  7529 | D:5      | Killed Duvessa
  7720 | D:4      | Killed Dowan
  7969 | D:5      | Found a staircase to the Ecumenical Temple.
  7976 | Temple   | Entered the Ecumenical Temple
  8023 | Temple   | Became a worshipper of Dithmenos the Shadowed
  8027 | Temple   | Learned a level 1 spell: Confusing Touch
  8084 | D:5      | Reached skill level 5 in Spellcasting
  8847 | D:6      | Found a runed door.
  8863 | D:6      | Found a runed door.
  8912 | D:6      | Reached skill level 9 in Stealth
  8935 | D:6      | Reached XP level 8. HP: 31/36 MP: 4/16
  9134 | D:6      | Learned a level 3 spell: Tukima's Dance
  9328 | D:6      | Noticed a hand axe
  9328 | D:6      | Noticed a hand axe
  9329 | D:6      | Found a hide-covered altar of Uskayaw.
  9740 | D:6      | Reached skill level 10 in Stealth
 10159 | D:6      | Reached * piety under Dithmenos
 10408 | D:7      | Reached skill level 11 in Stealth
 10421 | D:7      | Reached XP level 9. HP: 27/39 MP: 1/17
 10841 | D:7      | Found a blossoming altar of Fedhas.
 10917 | D:7      | Noticed poxu's ghost (novice DEWz)
 11218 | D:7      | Found an ancient bone altar of Kikubaaqudgha.
 11367 | D:7      | Reached ** piety under Dithmenos
 11805 | D:8      | Found a snail-covered altar of Cheibriados.
 12332 | D:8      | Reached skill level 12 in Stealth
 12358 | D:8      | Noticed sking99's ghost (novice MiBe)
 12872 | D:8      | Reached skill level 10 in Hexes
 13649 | D:9      | Reached skill level 10 in Dodging
 14032 | D:9      | Reached *** piety under Dithmenos
 14248 | D:9      | Noticed a cyclops
 14254 | D:9      | Killed a cyclops
 14254 | D:9      | Reached skill level 13 in Stealth
 14254 | D:9      | Reached XP level 10. HP: 44/44 MP: 18/18
 15010 | D:3      | Killed from afar by Abmis123's ghost

Skill      XL: |  1  2  3  4  5  6  7  8  9 10 |
---------------+-------------------------------+-----
Hexes          | 4 5 6 7 8 10 | 10.8
Stealth        | 5 6 7 8 9 11 13 | 13.4
Dodging        | 4 5 6 9 10 | 10.4
Spellcasting   | 4 5 |  5.0
Short Blades   | 2 3 |  3.1

Action                   |  1- 3 |  4- 6 |  7- 9 | 10-12 || total
-------------------------+-------+-------+-------+-------++-------
Melee: Dagger            |   133 |    93 |   247 |    63 ||   536
       Unarmed           |       |       |     1 |       ||     1
Throw: Stone             |       |       |     1 |       ||     1
 Cast: Corona            |    21 |    12 |       |       ||    33
       Ensorcelled Hiber |    40 |    60 |   138 |    24 ||   262
       Confusing Touch   |       |       |     4 |       ||     4
       Tukima's Dance    |       |       |     6 |       ||     6
  Use: Potion            |     1 |       |       |       ||     1
       Scroll            |       |     9 |     9 |       ||    18
 Stab: Sleeping          |    25 |    47 |    96 |    14 ||   182
       Distracted        |       |     1 |     1 |       ||     2
       Confused          |       |       |     1 |       ||     1
  Eat: Ration            |     1 |     4 |     4 |     1 ||    10
Armor: Robe              |     7 |    11 |    34 |     1 ||    53
Dodge: Dodged            |   148 |    87 |   249 |    48 ||   532
